 Dungeon Crawl Stone Soup version 0.31-a0-1309-gbf3fed316f (webtiles) character file.

Game seed: 4249310146541187392

98 Bnni the Digger (level 5, -12/36 (37) HPs)
             Began as a Formicid Earth Elementalist on Dec 20, 2023.
             Mangled by a wight
             ... wielding a +5 halberd of freezing
              (13 damage)
             ... on level 3 of the Dungeon.
             The game lasted 00:04:18 (2168 turns).

Bnni the Digger (Formicid Earth Elementalist)       Turns: 2168, Time: 00:04:18

HP:   -12/36 (37)   AC:  5    Str: 12    XL:     5   Next: 1%
MP:   4/9           EV: 10    Int: 17    God:
Gold: 95            SH:  0    Dex: 14    Spells: 3/9 levels left

rFire   . . .        k - +1 dagger (venom)
rCold   . . .        (no shield)
rNeg    . . .        g - +0 ring mail
rPois   .            (helmet unavailable)
rElec   .            (no cloak)
rCorr   .            (no gloves)
SInv    +            (no boots)
Will    +....        (no amulet)
Stlth   +            j - ring of willpower
HPRegen 0.26/turn    (no ring)
MPRegen 0.11/turn

%: no passive effects
@: lightly drained
A: permanent stasis, dig shafts and tunnels, antennae 3, four strong arms
a: Dig, Shaft Self


You were on level 3 of the Dungeon.
You visited 1 branch of the dungeon, and saw 3 of its levels.

You collected 95 gold pieces.

Inventory:

Hand Weapons
 k - a +1 dagger of venom (weapon)
Armour
 a - a +0 robe
 g - a +0 ring mail (worn)
Jewellery
 j - a ring of willpower (left hand)
Scrolls
 c - 3 scrolls of identify {unknown}
 d - 2 scrolls of revelation {unknown}
 e - a scroll of vulnerability {unknown}
 f - a scroll of blinking {unknown}
 h - 3 scrolls of fear {unknown}
 l - a scroll of poison {unknown}
 o - 4 scrolls of teleportation {unknown}
Potions
 b - 2 potions of magic
 i - a potion of degeneration {unknown}
 m - a potion of lignification {unknown}
 n - a potion of haste {unknown}


   Skills:
 + Level 1.5 Fighting
 - Level 1.7 Dodging
 - Level 2.4 Stealth
 + Level 2.7 Spellcasting
 * Level 1.4 Conjurations
 - Level 2.0 Transmutations
 * Level 4.7 Earth Magic


You had 3 spell levels left.
You knew the following spells:

 Your Spells              Type           Power      Damage    Failure   Level
a - Sandblast             Erth           36%        2d10      6%          1
b - Passwall              Tmut/Erth      10%        N/A       16%         2
c - Stone Arrow           Conj/Erth      24%        3d8       34%         3

Your spell library contained the following spells:

 Spells                   Type           Power      Damage    Failure   Level
 Apportation              Tloc           4%         N/A       38%         1
 Necrotise                Necr           8%         1d4       38%         1
 Summon Small Mammal      Summ           8%         N/A       38%         1
 Petrify                  Tmut/Erth      13%        N/A       69%         4
 Brom's Barrelling Bould  Conj/Erth      12%        2d4       75%         4
 Chain Lightning          Conj/Air       2%         3d2       100%        9
 Fire Storm               Conj/Fire      2%         8d1       100%        9
 Shatter                  Erth           9%         3d11*     100%        9


Dungeon Overview and Level Annotations

Branches:
Dungeon (3/15)

Altars:


Innate Abilities, Weirdness & Mutations

You cannot be hasted, slowed, berserked, paralysed or teleported.
You can dig through walls and to a lower floor.
You have a pair of large antennae on your head. (SInv)
Your four strong arms can wield two-handed weapons with a shield.


Message History

Unknown command.
Things that are here:
a +0 trident; a +0 scale mail You now have 95 gold pieces (gained 3).
f - a scroll labelled PUTUXOEMMAF 2 wights come into view.
A wight is wielding a +5 halberd of freezing.
Aiming: Sandblast (safe; 6% risk of failure)
Press: ? - help, Q - select action, (/) - cycle Shift-Dir - straight line, f - wight
Aim: a wight, wielding a +5 halberd of freezing and wearing a +0 robe (dormant, 100% to hit)
The blast of sand hits the wight.
The wight is moderately damaged.
The wight hits you from afar with a +5 halberd of freezing!
The wight freezes you.
Aiming: Sandblast (safe; 6% risk of failure)
Press: ? - help, Q - select action, (/) - cycle Shift-Dir - straight line, f/p - wight
Aim: a wight, wielding a +5 halberd of freezing and wearing a +0 robe (moderately damaged, 82% to hit)
The blast of sand misses the wight.
Unknown command.
Aiming: Sandblast (safe; 6% risk of failure)
Press: ? - help, Q - select action, (/) - cycle Shift-Dir - straight line, f/p - wight
Aim: a wight, wielding a +5 halberd of freezing and wearing a +0 robe (moderately damaged, 82% to hit)
The blast of sand hits the wight but does no damage.
Unknown command.
Aiming: Sandblast (safe; 6% risk of failure)
Press: ? - help, Q - select action, (/) - cycle Shift-Dir - straight line, f/p - wight
Aim: a wight, wielding a +5 halberd of freezing and wearing a +0 robe (moderately damaged, 82% to hit)
The blast of sand hits the wight but does no damage.
The wight barely misses you.
The wight hits you from afar with a +5 halberd of freezing!
You feel drained. The wight freezes you.
Aiming: Sandblast (safe; 6% risk of failure)
Press: ? - help, Q - select action, (/) - cycle Shift-Dir - straight line, f/p - wight
Aim: a wight, wielding a +5 halberd of freezing and wearing a +0 robe (moderately damaged, 82% to hit)
The blast of sand hits the wight.
The wight is moderately damaged.
The wight hits you with a +0 falchion!
* * * LOW HITPOINT WARNING * * *
The wight hits you from afar with a +5 halberd of freezing!
You die...

#.####.#######.# #.#
#.# #.........# #.####
#.# #########.# #.....
#.# ##.########
#.###########..........
#......................
#.#####################
### #..........#
#@########.#######
{.....zz?# #........
#######.# ######### ###


You could see 2 wights.

Vanquished Creatures
  3 gnolls (D:2)
  An adder (D:2)
  A worm (D:2)
  A dart slug (D:1)
  An orc (D:3)
  5 endoplasms
  2 giant cockroaches
  6 hobgoblins
  4 jackals (D:3)
  3 quokkas
  7 ball pythons
  4 bats
  A frilled lizard (D:2)
  3 goblins
  5 kobolds
  2 rats (D:1)
49 creatures vanquished.

Notes
Turn   | Place    | Note
-------+----------+-------------------------------------------
     0 | D:1      | Bnni the Formicid Earth Elementalist began the quest for
                  | the Orb.
     0 | D:1      | Reached XP level 1. HP: 13/13 MP: 3/3
   201 | D:1      | Reached XP level 2. HP: 20/20 MP: 1/5
   485 | D:1      | Reached skill level 4 in Earth Magic
   603 | D:1      | Learned a level 2 spell: Passwall
   707 | D:1      | Found a faded altar of an unknown god.
   980 | D:2      | Reached XP level 3. HP: 22/25 MP: 4/6
   985 | D:2      | Learned a level 3 spell: Stone Arrow
  1103 | D:2      | Reached skill level 1 in Fighting
  1440 | D:2      | Reached XP level 4. HP: 29/32 MP: 7/7
  1482 | D:2      | Reached skill level 1 in Conjurations
  2123 | D:3      | Reached XP level 5. HP: 37/37 MP: 7/9
  2168 | D:3      | HP: 1/36 [wight/+0 falchion (12)]
  2168 | D:3      | Mangled by a wight

Illustrated notes

Levels and vault maps discovered:
D:1:      dpeg_arrival_line_fractal, layout_loops_ring,
          dilly_ecumenical_altar_fadedgnrine, corner_web_ring
D:2:      layout_rooms
D:3:      layout_basic, chequers_mini_garden

Skill      XL: |  1  2  3  4 |
---------------+-------------+-----
Earth Magic    | 4 |  4.7
Transmutations | 2 |  2.0
Fighting       | 1 |  1.5
Conjurations   | 1 |  1.4
Dodging        | |  1.7
Stealth        | |  2.4
Spellcasting   | |  2.7

Action                     |  1- 3 |  4- 6 || total
---------------------------+-------+-------++-------
  Melee: Unarmed           |     6 |       ||     6
         Dagger            |    49 |     9 ||    58
   Cast: Sandblast         |    27 |    34 ||    61
   Stab: Sleeping          |     1 |       ||     1
 Armour: Robe              |     3 |       ||     3
         Ring mail         |    33 |    20 ||    53
  Dodge: Dodged            |    23 |    18 ||    41

Table legend: (Time is in decaauts)
 A = Elapsed time spent in this place.
 B = Non-inter-level travel time spent in this place.
 C = Inter-level travel time spent in this place.
 D = Time resting spent in this place.
 E = Time spent auto-exploring this place.
 F = Levels seen in this place.
 G = Mean time per level.
                   A        B        C        D        E       F      G
               +--------+--------+--------+--------+--------+-----+--------+
         Total |   2196 |   2155 |     41 |     44 |   1730 |   3 |  732.0 |
       Dungeon |   2196 |   2155 |     41 |     44 |   1730 |   3 |  732.0 |
               +--------+--------+--------+--------+--------+-----+--------+

Top non-repeatable levels by time:
     D:1: 970 daAuts
     D:2: 631 daAuts
     D:3: 594 daAuts
